cohdb
Replays
Latest Replays
All Replays
Popular Replays
Top Player Replays
Match Explorer
How It Works
Community
CoH3 Stats
Reddit
Sign in to upload your games and track your stats! →
Sign in with Steam
Match 40874495
Unlisted
Match 40874495
Overview
Messages
Build Orders
End
Panzerpioneer Squad
250 Light Carrier
Selects Panzerjäger Kommand Battlegroup
250 Light Carrier
Construct Light Support Kompanie
Combat Half-tracks
Selects GrB 39 Grenade Launcher Requisition
MG34 Team
Fire Support Elements
Panzergrenadier Squad
Panzergrenadier Squad
Panzerjäger Mechanized Group
Construct Panzerarmee Kommand
Walking Stuka Rocket Launcher
Nuclear Viking
Dolfine
Putiin
ganxuezhao1
ElderKaze
Vladimir Ilyich Ulyanov
Franklin Delano Roosevelt
原神皇帝
0
0
Comments
sign in to comment!
No comments posted yet!